 Dungeon Crawl Stone Soup version 0.27-a0-1060-gcb85b5eba1 (webtiles) character file.

Game seed: 11543113961978028234

434 HoaS the Twirler (level 7, 0/40 HPs)
             Began as a Gargoyle Gladiator on Apr 22, 2021.
             Was an Initiate of Okawaru.
             Killed from afar by a steam dragon (2 damage)
             ... with a ball of steam
             ... on level 7 of the Dungeon.
             The game lasted 00:05:44 (3638 turns).

HoaS the Twirler (Gargoyle Gladiator)               Turns: 3638, Time: 00:05:44

Health: 0/40       AC: 17    Str: 19    XL:     7   Next: 0%
Magic:  6/8        EV:  5    Int:  9    God:    Okawaru [......]
Gold:   146        SH:  0    Dex: 11    Spells: 6/6 levels left

rFire    . . .     SeeInvis .   a - +0 quarterstaff
rCold    . . .     Faith    .   (shield currently unavailable)
rNeg     + + .     Spirit   .   m - +0 plate armour
rPois    ∞         Reflect  .   c - +1 helmet
rElec    +         Harm     .   (no cloak)
rCorr    .         Rampage  .   (no gloves)
Will     .....                  f - +0 pair of boots
Stlth    ..........             (no amulet)
HPRegen  0.13/turn              p - ring of positive energy
MPRegen  0.11/turn              (no ring)

@: marked
A: AC +4, negative energy resistance 1, electricity resistance, torment
resistance 1, unbreathing 1, petrification resistance
a: Renounce Religion


You were on level 7 of the Dungeon.
You worshipped Okawaru.
Okawaru was noncommittal.
You visited 2 branches of the dungeon, and saw 7 of its levels.

You collected 146 gold pieces.

Inventory:

Hand Weapons
 a - a +0 quarterstaff (weapon)
Missiles
 h - 18 arrows
 o - 6 poisoned darts (quivered)
 r - 2 boomerangs of dispersal
Armour
 c - a +1 helmet (worn)
 f - a +0 pair of boots (worn)
 m - a +0 plate armour (worn)
Jewellery
 p - a ring of positive energy (left hand)
Wands
 b - a wand of acid (4)
 t - a wand of paralysis (6)
Scrolls
 g - 4 scrolls of teleportation
 q - a scroll of silence {unknown}
 s - a scroll of identify
Potions
 e - 2 potions of curing {unknown}
 i - 2 potions of might {unknown}
 j - a potion of attraction
 k - a potion of flight {unknown}
 l - a potion of cancellation {unknown}
 n - 2 potions of lignification {unknown}


   Skills:
 - Level 2.1 Fighting
 + Level 7.4 Staves
 - Level 1.7 Throwing
 - Level 2.4 Dodging
 + Level 1.7 Invocations


You had 6 spell levels left.
You didn't know any spells.
Your spell library contained the following spells:

 Spells                   Type           Power      Damage    Failure   Level
 Beastly Appendage        Tmut           0%         N/A       100%        1
 Magic Dart               Conj           0%         1d3       100%        1
 Blink                    Tloc           N/A        N/A       100%        2
 Call Imp                 Summ           0%         N/A       100%        2
 Slow                     Hex            0%         N/A       100%        2
 Wereblood                Tmut           0%         N/A       100%        2
 Conjure Flame            Conj/Fire      0%         6-21      100%        3
 Mephitic Cloud           Conj/Pois/Air  0%         N/A       100%        3
 Spider Form              Tmut/Pois      0%         N/A       100%        3
 Ice Form                 Ice/Tmut       0%         N/A       100%        4
 Hydra Form               Tmut           0%         N/A       100%        5


Dungeon Overview and Level Annotations

Branches:
Dungeon (7/15)             Temple (1/1) D:6

Altars:
Ashenzari
Cheibriados
Dithmenos
Elyvilon
Fedhas
Nemelex Xobeh
Okawaru
Qazlal
Ru
Sif Muna
Trog
Uskayaw
Vehumet
Wu Jian
Xom
Zin

Annotations:
D:7 1 transporter, sastreii's ghost, novice VSFi


Innate Abilities, Weirdness & Mutations

Your stone body is resilient. (AC +4)
You are immune to poison.
You resist negative energy. (rN+)
You are resistant to electric shocks. (rElec)
You are resistant to unholy torment.
You can survive without breathing.
You are immune to petrification.


Message History

The kobold brigand pulls the alarm!
The alarm trap emits a blaring wail!
A sentinel's mark forms upon you.
You hear an angry hiss.
You hear a shout! x2; You hear a croak.
You hear a howl!
You hear a shout! x3
You hit the orc warrior.
The orc warrior is heavily wounded.
The orc warrior hits you but does no damage.
You completely miss the orc warrior.
The orc warrior is heavily wounded.
The orc warrior hits you with a +0 hand axe.
* * * LOW HITPOINT WARNING * * *
You thump the orc warrior!
The orc warrior is almost dead.
A kobold comes into view. It is wielding a +0 whip.
The orc warrior hits you but does no damage.
You hit the orc warrior.
The orc warrior is almost dead.
The orc warrior completely misses you.
You hit the orc warrior but do no damage.
The orc warrior is almost dead.
The orc warrior hits you but does no damage.
Your plate armour prevents you from hitting the orc warrior.
The orc warrior is almost dead.
The orc warrior hits you but does no damage.
You hit the orc warrior but do no damage.
The orc warrior is almost dead.
The orc warrior hits you with a +0 hand axe.
* * * LOW HITPOINT WARNING * * *
You sock the orc warrior!
You kill the orc warrior!
Okawaru is honoured by your kill.
Your Invocations skill increases to level 1!
You have reached level 7!
Okay, then.
The steam dragon breathes steam at you.
The ball of steam hits the orc!
The orc dies!
The ball of steam hits something!
The ball of steam hits you.
You die...

...
...
###
...
#.#
..$
#@#
...
#{#
$..
#§#
..>


DK# ... K.# ... ...# ..© ..[# ## ...(# ... There were no monsters in sight!

Vanquished Creatures
  An orc warrior (D:7)
  2 sky beasts
  A hound (D:3)
  A statue (D:3)
  An adder (D:3)
  A worm (D:2)
  4 dart slugs
  An orc (D:3)
  6 endoplasms
  A giant cockroach (D:1)
  4 goblins
  8 hobgoblins
  20 jackals
  A ball python (D:3)
  6 bats
  A frilled lizard (D:1)
  4 kobolds
  4 rats
67 creatures vanquished.

Vanquished Creatures (others)
  An orc (D:7)
  6 plants (D:3)
7 creatures vanquished.

Grand Total: 74 creatures vanquished

Notes
Turn   | Place    | Note
-------+----------+-------------------------------------------
     0 | D:1      | HoaS the Gargoyle Gladiator began the quest for the Orb.
     0 | D:1      | Reached XP level 1. HP: 12/12 MP: 1/1
   239 | D:1      | Reached XP level 2. HP: 17/17 MP: 2/2
   569 | D:1      | Reached skill level 4 in Staves
   655 | D:1      | Reached XP level 3. HP: 19/21 MP: 3/3
  1237 | D:2      | Found a faded altar of an unknown god.
  1932 | D:3      | Reached XP level 4. HP: 26/26 MP: 4/4
  2320 | D:3      | Found a radiant altar of Vehumet.
  2320 | D:3      | Noticed a frost-covered statue
  2346 | D:3      | Reached skill level 5 in Staves
  2346 | D:3      | Noticed a sky beast
  2373 | D:3      | Killed a sky beast
  2374 | D:3      | Reached skill level 6 in Staves
  2374 | D:3      | Reached XP level 5. HP: 18/30 MP: 5/5
  3011 | D:3      | Killed a frost-covered statue
  3012 | D:3      | Reached XP level 6. HP: 35/35 MP: 6/6
  3287 | D:4      | You fall into a shaft and drop 3 floors!
  3311 | D:7      | Noticed a sky beast
  3338 | D:7      | Killed a sky beast
  3339 | D:7      | Reached skill level 7 in Staves
  3566 | D:7      | Found a transporter.
  3566 | D:7      | Noticed sastreii's ghost (novice VSFi)
  3566 | D:7      | Noticed a water moccasin
  3572 | D:6      | Found a staircase to the Ecumenical Temple.
  3582 | Temple   | Entered the Ecumenical Temple
  3589 | Temple   | Became a worshipper of Warmaster Okawaru
  3609 | D:7      | Noticed an orc warrior
  3612 | D:7      | Noticed a steam dragon
  3636 | D:7      | HP: 1/35 [orc warrior/+0 hand axe (1)]
  3637 | D:7      | Killed an orc warrior
  3638 | D:7      | Reached skill level 1 in Invocations
  3638 | D:7      | Reached XP level 7. HP: 2/40 MP: 6/8
  3638 | D:7      | Killed from afar by a steam dragon

Illustrated notes

Levels and vault maps discovered:
D:1:      dpeg_arrival_rooms_c, layout_loops_ring, st_stairs_5,
          kennysheep_nondescript
D:2:      layout_basic, hellmonk_ecumenical_altar_crossroads
D:3:      cheibrodos_old_hovel, layout_basic, vehumet_statue
D:4:      layout_basic, item_on_display_a
D:6:      layout_loops_ring, nicolae_gozag_seed_capital, old_standard_altar,
          nicolae_hepliaklqana_hippocampus, minmay_temple_entry_from_below_b
D:7:      layout_rooms, tso_altar, serial_curves, eino_curves_01,
          eino_curves_04, eino_curves_04, serial_shops, kennysheep_mini,
          gammafunk_ghost_arena, st_stairs_7
Temple:   nicolae_temple_no_exploring_needed

Skill      XL: |  1  2  3  4  5  6 |
---------------+-------------------+-----
Staves         | 4 6 7 |  7.4
Invocations    | 1 |  1.7
Fighting       | |  2.1
Throwing       | |  1.7
Dodging        | |  2.4

Action                   |  1- 3 |  4- 6 |  7- 9 || total
-------------------------+-------+-------+-------++-------
Melee: Quarterstaff      |   117 |   147 |       ||   264
Throw: Throwing net      |       |     3 |       ||     3
       Dart              |       |     1 |       ||     1
  Use: Scroll            |     4 |     1 |       ||     5
 Stab: Sleeping          |     1 |       |       ||     1
Armor: Leather armour    |    31 |       |       ||    31
       Plate armour      |    28 |   106 |       ||   134
Dodge: Dodged            |    73 |    19 |       ||    92

Table legend: (Time is in decaauts)
 A = Elapsed time spent in this place.
 B = Non-inter-level travel time spent in this place.
 C = Inter-level travel time spent in this place.
 D = Time resting spent in this place.
 E = Time spent auto-exploring this place.
 F = Levels seen in this place.
 G = Mean time per level.
                   A        B        C        D        E       F      G
               +--------+--------+--------+--------+--------+-----+--------+
         Total |   3649 |   3490 |    159 |    876 |   2049 |   7 |  521.3 |
       Dungeon |   3634 |   3482 |    152 |    876 |   2049 |   6 |  605.7 |
        Temple |     14 |      7 |      7 |      0 |      0 |   1 |   14.0 |
               +--------+--------+--------+--------+--------+-----+--------+

Top non-repeatable levels by time:
     D:3: 1285 daAuts
     D:1: 1010 daAuts
     D:2: 775 daAuts
     D:7: 311 daAuts
     D:4: 229 daAuts
     D:6: 23 daAuts
  Temple: 14 daAuts
